 Dungeon Crawl Stone Soup version 0.32-a0-17-gb74e046682 (webtiles) character file.

Game seed: 1198750142422220492

245 Firecrotchwizard the Chopper (level 6, -4/55 HPs)
             Began as a Hill Orc Fighter on Jan 15, 2024.
             Killed from afar by Ijyb (16 damage)
             ... with a bolt of light
             ... on level 4 of the Dungeon.
             The game lasted 00:05:40 (3066 turns).

Firecrotchwizard the Chopper (Hill Orc Fighter)     Turns: 3066, Time: 00:05:40

Health: -4/55      AC:  8    Str: 21    XL:     6   Next: 10%
Magic:  6/6        EV:  9    Int:  8    God:
Gold:   222        SH:  0    Dex: 10    Spells: 5/5 levels left

rFire   . . .        a - +0 war axe
rCold   . . .        c - +0 buckler
rNeg    . . .        b - +0 scale mail
rPois   .            o - +0 helmet
rElec   .            (no cloak)
rCorr   .            (no gloves)
SInv    .            (no boots)
Will    .....        (no amulet) Stlth
                     (no ring)
HPRegen 0.29/turn    (no ring)
MPRegen 0.10/turn

%: no passive effects
@: confused
A: no striking features
a: no special abilities


You were on level 4 of the Dungeon.
You visited 1 branch of the dungeon, and saw 4 of its levels.

You collected 222 gold pieces.

Inventory:

Hand Weapons
 a - a +0 war axe (weapon)
Missiles
 q - 3 poisoned darts (quivered)
Armour
 b - a +0 scale mail (worn)
 c - a +0 buckler (worn)
 k - a +0 hat
 o - a +0 helmet (worn)
Scrolls
 f - 2 scrolls of blinking {unknown}
 g - a scroll of immolation {unknown}
 i - 2 scrolls of identify {unknown}
 j - a scroll of revelation {unknown}
 m - a scroll of poison {unknown}
 p - a scroll of amnesia {unknown}
 r - a scroll of vulnerability {unknown}
Potions
 d - a potion of might
 e - 2 potions of heal wounds {unknown}
 h - 2 potions of degeneration {unknown}
 l - a potion of curing {unknown}
 n - a potion of ambrosia {unknown}


   Skills:
 + Level 4.8 Fighting
 * Level 5.6 Axes
 + Level 4.3 Armour
 + Level 4.3 Shields


You had 5 spell levels left.
You didn't know any spells.
Your spell library contained the following spells:

 Spells                   Type           Power      Damage    Failure   Level
 Anguish                  Hex/Necr       0%         N/A       100%        4
 Cause Fear               Hex            0%         N/A       100%        4
 Enfeeble                 Hex            0%         N/A       100%        7


Dungeon Overview and Level Annotations

Branches:
Dungeon (4/15)             Temple (0/1) D:4

Altars:
Nemelex Xobeh

Annotations:
D:4 Ijyb


Message History

You throw a poisoned dart. The poisoned dart hits Ijyb.
Ijyb is poisoned.
A hound comes into view.
Ijyb zaps a wand.
The bolt of light hits you!
The hound barks!
Throw: 5 darts (poison)
Press: ? - help, Shift-Dir - straight line, f/p - Ijyb
Aim: Ijyb, wielding a +0 dagger, wearing a +0 chain mail and carrying a wand of light (poisoned, 54% to hit)
You throw a poisoned dart. The poisoned dart closely misses Ijyb.
Throw: 4 darts (poison)
Press: ? - help, Shift-Dir - straight line, f/p - Ijyb
Aim: Ijyb, wielding a +0 dagger, wearing a +0 chain mail and carrying a wand of light (poisoned, 54% to hit)
You throw a poisoned dart. The poisoned dart barely misses Ijyb.
The poisoned dart barely misses the hound.
Ijyb zaps a wand.
The bolt of light hits you!
You are confused.
* * * LOW HITPOINT WARNING * * *
You bump into the rock wall.
You bump into the rock wall.
You feel less confused.
Ijyb grins evilly.
The hound barely misses you.
You barely miss the hound. The hound closely misses you.
The hound bites you but does no damage.
You closely miss the hound. The hound bites you.
* * * LOW HITPOINT WARNING * * *
The hound bites you but does no damage.
You closely miss the hound.
Ijyb looks more healthy.
You block the hound's attack. The hound bites you.
* * * LOW HITPOINT WARNING * * *
You barely miss the hound. The hound bites you.
* * * LOW HITPOINT WARNING * * *
The hound barely misses you.
You closely miss the hound. The hound bites you but does no damage.
The hound closely misses you.
Unknown command.
You barely miss the hound. The hound bites you.
* * * LOW HITPOINT WARNING * * *
The hound bites you.
* * * LOW HITPOINT WARNING * * *
You hit the hound.
The hound is moderately wounded.
The hound bites you but does no damage.
Unknown command.
You miss the hound.
The hound is moderately wounded.
The hound barely misses you. The hound closely misses you.
You closely miss the hound.
The hound is moderately wounded.
The hound bites you but does no damage. The hound barely misses you.
Unknown command.
You miss the hound.
The hound is moderately wounded.
The hound bites you.
* * * LOW HITPOINT WARNING * * *
The hound barely misses you.
You closely miss the hound.
The hound is moderately wounded.
The hound completely misses you. You block the hound's attack.
You hit the hound.
The hound is heavily wounded.
You block the hound's attack. The hound bites you but does no damage.
Unknown command.
You slash the hound!
The hound is almost dead.
The hound barely misses you.
Unknown command.
You barely miss the hound.
The hound is almost dead.
The hound bites you.
* * * LOW HITPOINT WARNING * * *
The hound bites you.
* * * LOW HITPOINT WARNING * * *
You hit the hound but do no damage.
The hound is almost dead.
The hound bites you.
* * * LOW HITPOINT WARNING * * *
The hound barely misses you.
You hit the hound.
The hound is almost dead.
The hound completely misses you. The hound closely misses you.
Unknown command.
You hit the hound.
You kill the hound!
Ijyb screams, "Me kill you!"
You have reached level 6!
You hit Ijyb.
Ijyb is moderately wounded.
Ijyb hits you with a +0 dagger.
* * * LOW HITPOINT WARNING * * *
You barely miss Ijyb.
Ijyb is moderately wounded.
You block Ijyb's attack.
You hit Ijyb.
Ijyb is heavily wounded.
Ijyb zaps a wand.
The bolt of light hits you!
You are confused.
You die...

## ## .. ..## .# ...# .#
#.. .# #.#### .# #
####...[###.#..#
.........@g....#
####....###....# .....
#....# ....# .....).
##.### ....# #...... #.##
#(..# #......
#..#####.....
+......######..........##
#....................(..
#................#..#


You could see Ijyb.

Vanquished Creatures
  A hound (D:4)
  Jessica (D:2)
  Robin (D:1)
  3 gnolls
  4 adders
  3 dart slugs
  6 orcs
  4 ball pythons
  6 endoplasms
  7 giant cockroaches
  7 hobgoblins
  3 jackals (D:1)
  4 quokkas
  8 bats
  3 frilled lizards
  19 goblins
  7 kobolds
  7 rats
94 creatures vanquished.

Notes
Turn   | Place    | Note
-------+----------+-------------------------------------------
     0 | D:1      | Firecrotchwizard the Hill Orc Fighter began the quest for
                  | the Orb.
     0 | D:1      | Reached XP level 1. HP: 19/19 MP: 1/1
    84 | D:1      | Reached skill level 3 in Axes
   174 | D:1      | Reached XP level 2. HP: 23/27 MP: 2/2
   357 | D:1      | Reached XP level 3. HP: 33/33 MP: 3/3
   418 | D:1      | Found a faded altar of an unknown god.
   808 | D:2      | Reached skill level 4 in Axes
   959 | D:2      | Noticed Robin
   967 | D:2      | Reached XP level 4. HP: 40/40 MP: 4/4
   982 | D:1      | Killed Robin
  1199 | D:2      | Noticed Jessica
  1207 | D:2      | Killed Jessica
  1342 | D:2      | Reached XP level 5. HP: 40/47 MP: 5/5
  1732 | D:3      | Reached skill level 5 in Axes
  2149 | D:3      | Found a sparkling altar of Nemelex Xobeh.
  2936 | D:4      | Found a staircase to the Ecumenical Temple.
  3039 | D:4      | Noticed Ijyb
  3064 | D:4      | Reached XP level 6. HP: 13/55 MP: 6/6
  3066 | D:4      | Killed from afar by Ijyb

Illustrated notes

Levels and vault maps discovered:
D:1:      minmay_arrival_jagged, layout_basic,
          shapermc_ecumenical_altar_mp_urbaneastern, minmay_misc_feat_iff,
          minmay_split_cup_large
D:2:      minmay_wonky_spiral, layout_basic, uniq_jessica, uniq_robin
D:3:      minmay_diamond_boxcup, layout_basic,
          mainiacjoe_overflow_six_doors_small
D:4:      dreamdust_elfheim, layout_basic, mainiacjoe_overflow_swirl,
          gammafunk_temple_overflow_elements, lemuel_temple_firewalk_a,
          portal_sewer_entry_b, uniq_ijyb, uniq_grinder

Skill      XL: |  1  2  3  4  5 |
---------------+----------------+-----
Axes           | 3 4 5 |  5.6
Fighting       | 4 |  4.8
Armour         | 4 |  4.3
Shields        | 4 |  4.3

Action                     |  1- 3 |  4- 6 || total
---------------------------+-------+-------++-------
  Melee: War axe           |    88 |   172 ||   260
  Throw: Dart              |       |     4 ||     4
 Armour: Scale mail        |    68 |   127 ||   195
  Dodge: Dodged            |    50 |    77 ||   127
  Block: Buckler           |    17 |    27 ||    44

Table legend: (Time is in decaauts)
 A = Elapsed time spent in this place.
 B = Non-inter-level travel time spent in this place.
 C = Inter-level travel time spent in this place.
 D = Time resting spent in this place.
 E = Time spent auto-exploring this place.
 F = Levels seen in this place.
 G = Mean time per level.
                   A        B        C        D        E       F      G
               +--------+--------+--------+--------+--------+-----+--------+
         Total |   3149 |   3046 |    103 |    201 |   2223 |   4 |  787.2 |
       Dungeon |   3149 |   3046 |    103 |    201 |   2223 |   4 |  787.2 |
               +--------+--------+--------+--------+--------+-----+--------+

Top non-repeatable levels by time:
     D:3: 1149 daAuts
     D:2: 1128 daAuts
     D:1: 677 daAuts
     D:4: 192 daAuts
